 Dungeon Crawl Stone Soup version 0.30-a0-368-g86fb4627a9 (webtiles) character file.

Game seed: 6765182015623574582

42 RascalDebosk the Magician (level 3, -1/25 HPs)
             Began as a Djinni Air Elementalist on Nov 19, 2022.
             Slain by Terence
             ... wielding a +0 short sword
              (4 damage)
             ... on level 2 of the Dungeon.
             The game lasted 00:12:51 (1082 turns).

RascalDebosk the Magician (Djinni Air Elementalist) Turns: 1082, Time: 00:12:52

Health: -1/25      AC:  3    Str:  7    XL:     3   Next: 80%
Gold:   42         EV: 12    Int: 18    God:
                   SH:  0    Dex: 13

rFire   + + .      SeeInvis .    s - +6 dagger
rCold   x . .      Faith    .    (no shield)
rNeg    . . .      Spirit   .    a - +0 robe
rPois   ∞          Reflect  .    m - +0 helmet
rElec   .          Harm     .    (no cloak)
rCorr   .          Rampage  .    (no gloves)
Will    .....                    (boots unavailable)
Stlth   ++........               (no amulet)
HPRegen 0.24/turn                f - ring of wizardry
MPRegen 0.00/turn                (no ring)

@: flying
A: sickness immunity, fire resistance 2, cold vulnerability 1, float, innate
caster, HP casting, extra vitality 1
a: no special abilities


You were on level 2 of the Dungeon.
You visited 1 branch of the dungeon, and saw 2 of its levels.

You collected 42 gold pieces.

Inventory:

Hand Weapons
 s - a +6 dagger (weapon)
Armour
 a - a +0 robe (worn)
 m - a +0 helmet (worn)
Jewellery
 f - a ring of wizardry (left hand)
Scrolls
 b - 2 scrolls of vulnerability {unknown}
 c - a scroll of identify {unknown}
 d - a scroll of enchant armour {unknown}
 h - a scroll of brand weapon {unknown}
 i - a scroll of immolation {unknown}
 k - 3 scrolls of enchant weapon {unknown}
Potions
 e - a potion of mutation {unknown}
 g - a potion of haste {unknown}
 j - a potion of magic {unknown}
 l - 2 potions of flight {unknown}


   Skills:
 - Level 2.1 Dodging
 - Level 1.5 Stealth
 + Level 3.5 Spellcasting


You couldn't memorise any spells.
You knew the following spells:

 Your Spells              Type           Power      Damage    Failure   Level
a - Shock                 Conj/Air       60%        1d6       1%          1
b - Static Discharge      Conj/Air       30%        2-4/arc   2%          2
c - Swiftness             Air            15%        N/A       4%          3
d - Airstrike             Air            7%         2d(2-18)  16%         4
e - Magic Dart            Conj           60%        1d6       1%          1
Your spell library was empty.

Dungeon Overview and Level Annotations

Branches:
Dungeon (2/15)

Altars:

Annotations:
D:2 Terence


Innate Abilities, Weirdness & Mutations

You are immune to sickness and miasma.
You are immune to poison.
Your flesh is very heat resistant. (rF++)
You are vulnerable to cold. (rC-)
You float through the air rather than walking.
You learn spells naturally, not from books.
Your magical power is your life essence.
You have superior vitality. (+4 MHP)


Message History

The zap hits the endoplasm.
The endoplasm is moderately wounded.
* * * LOW HITPOINT WARNING * * *
The endoplasm hits you.
* * * LOW HITPOINT WARNING * * *
Aiming: Shock (safe; 1% risk of failure)
Press: ? - help, Q - select action, (/) - cycle Shift-Dir - straight line, f/p - endoplasm
Aim: an endoplasm (moderately wounded, 98% to hit)
The zap hits the endoplasm.
You kill the endoplasm!
* * * LOW HITPOINT WARNING * * *
Terence the Incautious comes into view.
He is wielding a +0 short sword.
Aiming: Shock (safe; 1% risk of failure)
Press: ? - help, Q - select action, (/) - cycle Shift-Dir - straight line, f - Terence
Aim: Terence, wielding a +0 short sword and wearing a +0 chain mail (79% to hit)
The zap misses Terence.
* * * LOW HITPOINT WARNING * * *
You see here a +0 short sword.
Terence shouts, "Now you die!"
You see here a scarf of resistance.
Casting: Shock (safe; 1% risk of failure)
Confirm with . or Enter, or press ? or * to list all spells.
The spell is quite dangerous to miscast (4% risk of failure)!
Continue anyway?
You feel quick.
* * * LOW HITPOINT WARNING * * *
You start to feel a little slower.
You feel sluggish.
A giant cockroach comes into view.
You start to feel a little faster.
The giant cockroach barely misses you.
The giant cockroach attacks as you move away!
The giant cockroach barely misses you.
You no longer feel sluggish.
The giant cockroach closely misses you.
The giant cockroach attacks as you move away!
The giant cockroach barely misses you. The giant cockroach bites you.
Casting: Swiftness (quite dangerous; 4% risk of failure)
Confirm with . or Enter, or press ? or * to list all spells.
The giant cockroach is struck by an arc of lightning.
The giant cockroach is severely wounded.
You are struck by an arc of lightning.
* * * LOW HITPOINT WARNING * * *
The lightning grounds out.
* * * LOW HITPOINT WARNING * * *
The giant cockroach bites you.
* * * LOW HITPOINT WARNING * * *
The giant cockroach attacks as you move away!
The giant cockroach barely misses you.
Terence asks, "Do you want it fast or slow?"
The giant cockroach bites you.
* * * LOW HITPOINT WARNING * * *
The giant cockroach attacks as you move away!
The giant cockroach bites you.
* * * LOW HITPOINT WARNING * * *
The giant cockroach bites you but does no damage.
The giant cockroach closely misses you.
Found 4 gold pieces.
The giant cockroach attacks as you move away!
The giant cockroach barely misses you.
The giant cockroach bites you but does no damage.
The giant cockroach attacks as you move away!
The giant cockroach bites you but does no damage.
You see here 4 gold pieces.
The giant cockroach attacks as you move away!
The giant cockroach bites you.
* * * LOW HITPOINT WARNING * * *
The giant cockroach attacks as you move away!
The giant cockroach barely misses you.
Found 14 gold pieces.
The giant cockroach bites you.
* * * LOW HITPOINT WARNING * * *
Aiming: Shock (safe; 1% risk of failure)
Press: ? - help, Q - select action, (/) - cycle Shift-Dir - straight line, f/p - Terence
Aim: Terence, wielding a +0 short sword and wearing a +0 chain mail (79% to hit)
The zap hits the giant cockroach.
You kill the giant cockroach!
The zap misses Terence.
The zap hits Terence.
Terence is moderately wounded.
* * * LOW HITPOINT WARNING * * *
Aiming: Shock (safe; 1% risk of failure)
Press: ? - help, Q - select action, (/) - cycle Shift-Dir - straight line, f/p - Terence
Aim: Terence, wielding a +0 short sword and wearing a +0 chain mail (moderately wounded, 79% to hit)
The zap hits Terence.
Terence is heavily wounded.
* * * LOW HITPOINT WARNING * * *
Terence says, "How do you enjoy it?"
Casting: Shock (safe; 1% risk of failure)
Confirm with . or Enter, or press ? or * to list all spells.
Terence is struck by an arc of lightning.
Terence is severely wounded.
You are struck by an arc of lightning.
* * * LOW HITPOINT WARNING * * *
Terence is struck by an arc of lightning.
Terence is almost dead.
You are struck by an arc of lightning.
* * * LOW HITPOINT WARNING * * *
The lightning grounds out.
* * * LOW HITPOINT WARNING * * *
Terence hits you with a +0 short sword.
You die...

#.# .. .
.###.## .
#...#..@####
#.
#..........#
.##...#...##.#
........###.#
#.#.##### #.#
#.#.# #.#
#.@.# #.#
...###.@##
###.#
..$.....#
#...#
...####.#
#.###
#..####.# #.#
........# #.#
#..##...## #.#
#.###$## #.#
..# ##.## #.#


You could see Terence.

Vanquished Creatures
  An adder (D:2)
  A dart slug (D:2)
  4 bats (D:1)
  2 endoplasms
  3 giant cockroaches
  3 goblins
  3 hobgoblins (D:1)
  2 jackals (D:1)
  A quokka (D:1)
  A ball python (D:1)
  A frilled lizard (D:1)
  6 kobolds
  A rat (D:1)
29 creatures vanquished.

Notes
Turn   | Place    | Note
-------+----------+-------------------------------------------
     0 | D:1      | RascalDebosk the Djinni Air Elementalist began the quest
                  | for the Orb.
     0 | D:1      | RascalDebosk set off with the following spells memorised:
                  | Shock, Static Discharge, Swiftness, Airstrike.
     0 | D:1      | Reached XP level 1. HP: 15/15 MP: 0/0
   136 | D:1      | Reached XP level 2. HP: 19/21 MP: 0/0
   235 | D:1      | Reached skill level 3 in Spellcasting
   413 | D:1      | Reached XP level 3. HP: 17/25 MP: 0/0
   413 | D:1      | Learned a level 1 spell: Magic Dart
  1014 | D:2      | Noticed Terence
  1082 | D:2      | Slain by Terence

Illustrated notes

Levels and vault maps discovered:
D:1:      evilmike_arrival_rings, layout_basic
D:2:      layout_loops_ring, chequers_ecumenical_altar_twisty, uniq_terence

Skill      XL: |  1  2 |
---------------+-------+-----
Spellcasting   | 3 |  3.5
Dodging        | |  2.1
Stealth        | |  1.5

Action                   || total
-------------------------++-------
Melee: Dagger            ||     8
 Cast: Shock             ||    44
       Static Discharge  ||     2
       Swiftness         ||     1
Armor: Robe              ||     7
Dodge: Dodged            ||    24

Table legend: (Time is in decaauts)
 A = Elapsed time spent in this place.
 B = Non-inter-level travel time spent in this place.
 C = Inter-level travel time spent in this place.
 D = Time resting spent in this place.
 E = Time spent auto-exploring this place.
 F = Levels seen in this place.
 G = Mean time per level.
                   A        B        C        D        E       F      G
               +--------+--------+--------+--------+--------+-----+--------+
         Total |   1081 |    946 |    135 |      0 |    689 |   2 |  540.5 |
       Dungeon |   1081 |    946 |    135 |      0 |    689 |   2 |  540.5 |
               +--------+--------+--------+--------+--------+-----+--------+

Top non-repeatable levels by time:
     D:1: 972 daAuts
     D:2: 109 daAuts
